 Dungeon Crawl Stone Soup version 0.22.0-75-g3901e79 (webtiles) character file.

302 CasualChangeling the Slasher (level 6, -1/53 HPs)
             Began as a Draconian Monk on Sept 15, 2018.
             Was a High Priest of Jiyva.
             Slain by an orc priest
             ... wielding a +2 dagger of freezing
              (2 damage)
             ... on level 3 of the Dungeon.
             The game lasted 00:06:25 (2885 turns).

CasualChangeling the Slasher (Draconian Monk)       Turns: 2885, Time: 00:06:26

Health: -1/53      AC:  6    Str: 14    XL:     6   Next: 14%
Magic:  6/6        EV: 14    Int: 11    God:    Jiyva [*****.]
Gold:   115        SH:  5    Dex: 16    Spells: 5/5 levels left

rFire    . . .     SeeInvis .   a - +0 falchion
rCold    . . .     Gourm    .   g - +1 buckler
rNeg     . . .     Faith    .   (armour unavailable)
rPois    .         Spirit   .   (helmet restricted)
rElec    .         Reflect  .   (no cloak)
rCorr    +         Harm     .   (no gloves)
MR       .....     Rnd*Rage +   (no boots)
Stlth    ++........             (no amulet)
HPRegen  0.00/turn              (no ring)
MPRegen  0.10/turn              (no ring)

@: hasted, very quick
A: unfitting armour, agile 1, berserk 1, inhibited regeneration, cold-blooded,
AC +6
a: Request Jelly, Slimify, Cure Bad Mutation, Renounce Religion


You were on level 3 of the Dungeon.
You worshipped Jiyva.
Jiyva was extremely pleased with you.
You were not hungry.

You visited 1 branch of the dungeon, and saw 4 of its levels.

You collected 115 gold pieces.

Inventory:

Hand Weapons
 a - a +0 falchion (weapon)
Armour
 g - a +1 buckler (worn)
Scrolls
 e - a scroll of fog {unknown}
 h - 4 scrolls of remove curse {unknown}
 i - a scroll of identify {unknown}
 k - a scroll of enchant armour
 l - a scroll of noise {unknown}
 m - a scroll of amnesia {unknown}
Potions
 j - a potion of heal wounds {unknown}
 n - a potion of brilliance {unknown}
 o - a potion of agility {unknown}
Comestibles
 b - 5 rations
 d - 4 chunks of flesh


   Skills:
 + Level 4.4 Fighting
 * Level 5.0 Long Blades
 + Level 3.7 Dodging
 - Level 1.7 Stealth
 + Level 2.2 Shields


You had 5 spell levels left.
You didn't know any spells.
Your spell library was empty.

Dungeon Overview and Level Annotations

Branches:
Dungeon (4/15)
 Temple: D:4-7

Altars:
Fedhas
Makhleb
Okawaru
Jiyva

Annotations:
D:2 exclusion: downstairs


Innate Abilities, Weirdness & Mutations

Your plain brown scales are hard. (AC +6)
You cannot fit into any form of body armour.
You are cold-blooded and may be slowed by cold attacks.
You are agile. (Dex +2)
You tend to lose your temper in combat.
You do not regenerate when monsters are visible.


Message History

You feel yourself slow down. The orc priest freezes you.
* * * LOW HITPOINT WARNING * * *
It was a potion of haste.
You feel yourself speed up.
You feel yourself speed up. The orc wizard closely misses you.
The orc priest hits you with a dagger of freezing.
* * * LOW HITPOINT WARNING * * *
The orc priest freezes you.
* * * LOW HITPOINT WARNING * * *
You miss the orc wizard.
The orc wizard is moderately wounded.
The orc wizard hits you with a dagger.
* * * LOW HITPOINT WARNING * * *
The orc priest hits you but does no damage.
You completely miss the orc wizard.
The orc wizard is moderately wounded.
The orc wizard completely misses you.
You riposte.
You hit the orc wizard.
The orc wizard is heavily wounded.
The orc priest hits you with a dagger of freezing.
You die...

##.#.......#.# #..#.......#.#
#..##.....##.# #..####.####.#
### #............. ##.##
#..##.###....# ##...## #.....#
#..#.# ##.....############..####
#..#.# #.............o@o....#
#..#.#
##.....#############.######..#.#
##...## ##.## #...........#
##.## ##.#.#############..###
#.# #.###...............# #.#
##.#.....#######....# #.#
##.####.# ##....# #.# ### #.#
##....## #.# #.# ##....##


You could see an orc priest and an orc wizard.

Vanquished Creatures
  Sigmund (D:3)
  A hound (D:3)
  Jessica (D:3)
  6 adders
  3 worms (D:2)
  3 leopard geckos
  3 orcs (D:3)
  A ball python (D:1)
  2 giant cockroaches
  6 goblins
  4 hobgoblins
  10 jackals
  11 bats
  4 frilled lizards
  10 kobolds
  4 rats
70 creatures vanquished.

Vanquished Creatures (others)
  Grinder (D:3)
  3 jellies (D:3)
  Ijyb (D:3)
  A worm (D:3)
  An orc (D:3)
  3 giant cockroaches (D:3)
  7 goblins (D:3)
  2 hobgoblins (D:3)
  A kobold (D:3)
  A frilled lizard (D:3)
  2 rats (D:3)
23 creatures vanquished.

Grand Total: 93 creatures vanquished

Notes
Turn   | Place    | Note
-------+----------+-------------------------------------------
     0 | D:1      | CasualChangeling the Draconian Monk began the quest for the
                  | Orb.
     0 | D:1      | Reached XP level 1. HP: 19/19 MP: 1/1
   249 | D:1      | Reached XP level 2. HP: 22/26 MP: 2/2
   638 | D:1      | Reached XP level 3. HP: 17/31 MP: 3/3
  1269 | D:2      | Reached skill level 1 in Shields
  1271 | D:2      | Found a faded altar of an unknown god.
  1272 | D:2      | Reached skill level 4 in Long Blades
  1377 | D:2      | Became a worshipper of Jiyva Jups the Shapeless
  1377 | D:2      | Reached * piety under Jiyva
  1377 | D:2      | Reached ** piety under Jiyva
  1458 | D:2      | Reached XP level 4. HP: 14/40 MP: 4/4
  1579 | D:2      | Found a blossoming altar of Fedhas.
  1637 | D:2      | Reached *** piety under Jiyva
  1998 | D:3      | Noticed Grinder
  2069 | D:3      | Noticed Jessica
  2083 | D:3      | Killed Jessica
  2167 | D:3      | Noticed Sigmund
  2172 | D:3      | Found an iron altar of Okawaru.
  2177 | D:3      | Killed Sigmund
  2177 | D:3      | Reached XP level 5. HP: 33/46 MP: 5/5
  2183 | D:3      | Killed Ijyb
  2222 | D:3      | Gained mutation: You possess an exceptional clarity of
                  | mind. [Jiyva's grace]
  2224 | D:3      | Reached **** piety under Jiyva
  2530 | D:3      | Reached XP level 6. HP: 31/53 MP: 6/6
  2549 | D:3      | Killed Grinder
  2604 | D:3      | Reached ***** piety under Jiyva
  2777 | D:3      | Found a burning altar of Makhleb.
  2783 | D:3      | Reached skill level 5 in Long Blades
  2880 | D:3      | Lost mutation: You possess an exceptional clarity of mind.
                  | [potion of mutation]
  2880 | D:3      | Gained mutation: You do not regenerate when monsters are
                  | visible. [potion of mutation]
  2880 | D:3      | Gained mutation: You tend to lose your temper in combat.
                  | [potion of mutation]
  2880 | D:3      | Gained mutation: You are agile. (Dex +2) [potion of
                  | mutation]
  2883 | D:3      | HP: 2/53 [orc priest/dagger of freezing (1)]
  2885 | D:3      | Slain by an orc priest

Skill      XL: |  1  2  3  4  5  6 |
---------------+-------------------+-----
Dodging        | 3 |  3.7
Shields        | 1 2 |  2.2
Long Blades    | 4 5 |  5.0
Fighting       | 4 |  4.4
Stealth        | |  1.7

Action                   |  1- 3 |  4- 6 || total
-------------------------+-------+-------++-------
Melee: Falchion          |   153 |   103 ||   256
       Tailslap          |    19 |    13 ||    32
  Use: Scroll            |     1 |       ||     1
       Potion            |       |     2 ||     2
 Stab: Sleeping          |     8 |     3 ||    11
  Eat: Chunk             |     2 |     1 ||     3
Armor: Skin              |    47 |    22 ||    69
Dodge: Dodged            |   103 |    72 ||   175
Block: Buckler           |    17 |    32 ||    49
       Rpst.: Falchion   |    33 |    22 ||    55
